 Dungeon Crawl Stone Soup version 0.30-a0-793-g160f7cfddd (webtiles) character file.

Game seed: 13178971409335551632

55042 kingofthe the Thaumaturge (level 14, -33/68 HPs)
             Began as a Deep Elf Conjurer on Feb 19, 2023.
             Was an Elder of Sif Muna.
             Killed from afar by an eleionoma (44 damage)
             ... with a spray of wooden splinters
             ... on level 1 of the Swamp.
             The game lasted 02:51:53 (28511 turns).

kingofthe the Thaumaturge (Deep Elf Conjurer)      Turns: 28511, Time: 02:51:54

Health: -33/68     AC:  9    Str:  4    XL:     14   Next: 36%
Magic:  6/34       EV: 24    Int: 25    God:    Sif Muna [****..]
Gold:   78         SH:  0    Dex: 23    Spells: 10/42 levels left

rFire   + . .      SeeInvis .    b - staff of air {!a!a}
rCold   + . .      Faith    .    (no shield)
rNeg    . . .      Spirit   .    F - +2 robe {rC+ rF+}
rPois   .          Reflect  .    o - +0 helmet
rElec   +          Harm     .    I - +0 cloak
rCorr   .          Rampage  .    V - +1 pair of gloves
Will    +....                    Y - +0 pair of boots
Stlth   ++++                     e - amulet of magic regeneration
HPRegen 0.31/turn                Z - ring of wizardry
MPRegen 0.64/turn                D - +6 ring of dexterity

@: slowed, very slow
A: no striking features
a: Renounce Religion, Channel Magic, Forget Spell, Divine Exegesis


You were on level 1 of the Swamp.
You worshipped Sif Muna.
Sif Muna was greatly pleased with you.
You visited 5 branches of the dungeon, and saw 22 of its levels.
You visited 1 bazaar.
You also visited: Volcano.

You collected 1414 gold pieces.
You spent 1336 gold pieces at shops.


   Skills:
 + Level 13.9 Dodging
 - Level 8.3 Stealth
 + Level 14.6 Spellcasting
 - Level 11.4 Conjurations
 - Level 8.0 Hexes
 - Level 6.6 Ice Magic
 * Level 9.6 Air Magic
 * Level 9.6 Earth Magic
 - Level 6.3 Invocations


You had 10 spell levels left.
You knew the following spells:

 Your Spells              Type           Power      Damage    Failure   Level
a - Magic Dart            Conj           100%       1d8       1%          1
b - Borgnjor's Vile Clut  Necr/Erth      21%        N/A       4%          5
e - Airstrike             Air            39%        2d(6-22)  1%          4
f - Fulminant Prism       Conj/Hex       30%        3d16      1%          4
l - Lee's Rapid Deconstr  Erth           30%        3d16*     1%          5
s - Slow                  Hex            100%       N/A       1%          1
t - Iron Shot             Conj/Erth      31%        9d6       2%          6
w - Stone Arrow           Conj/Erth      100%       3d13      1%          3
X - Hailstorm             Conj/Ice       59%        3d13      1%          3

Your spell library contained the following spells:

 Spells                   Type           Power      Damage    Failure   Level
 Beastly Appendage        Tmut           36%        N/A       1%          1
 Freeze                   Ice            100%       1d10      1%          1
 Necrotise                Necr           72%        1d7       1%          1
 Sandblast                Erth           100%       2d20      1%          1
 Shock                    Conj/Air       100%       1d9       1%          1
 Summon Small Mammal      Summ           72%        N/A       1%          1
 Momentum Strike          Conj/Tloc      94%        3d10      1%          2
 Passwall                 Tmut/Erth      35%        N/A       1%          2
 Searing Ray              Conj           100%       2d8       1%          2
 Wereblood                Tmut           18%        N/A       1%          2
 Confusing Touch          Hex            55%        N/A       1%          3
 Dazzling Flash           Conj/Hex       100%       N/A       1%          3
 Frozen Ramparts          Ice            100%       1d16      1%          3
 Kindle Blastsparks       Fire/Tloc/Air  100%       2d18      1%          3
 Mephitic Cloud           Conj/Pois/Air  69%        N/A       1%          3
 Ozocubu's Armour         Ice            51%        N/A       1%          3
 Summon Guardian Golem    Hex/Summ       38%        N/A       1%          3
 Swiftness                Air            79%        N/A       1%          3
 Iskenderun's Mystic Bla  Conj/Tloc      47%        2d10      1%          4
 Sticky Flame             Conj/Fire      47%        2d6       1%          4
 Arcjolt                  Conj/Air       41%        1d51      1%          5
 Ice Form                 Ice/Tmut       34%        N/A       3%          4
 Summon Ice Beast         Ice/Summ       34%        N/A       3%          4
 Call Canine Familiar     Summ           18%        N/A       4%          3
 Ignite Poison            Fire/Tmut/Pois 18%        N/A       4%          3
 Spider Form              Tmut/Pois      18%        N/A       4%          3
 Vampiric Draining        Necr           18%        2d7       4%          3
 Summon Mana Viper        Hex/Summ       38%        N/A       7%          5
 Yara's Violent Unravell  Hex/Tmut       19%        3d9       7%          5
 Agony                    Necr           18%        N/A       32%         5
 Alistair's Intoxication  Tmut/Pois      12%        N/A       32%         5
 Summon Forest            Summ/Tloc      9%         N/A       32%         5
 Ozocubu's Refrigeration  Ice            25%        4d13      52%         7
 Eringya's Noxious Bog    Tmut/Pois      9%         N/A       86%         6
 Summon Cactus Giant      Summ           9%         N/A       86%         6
 Ignition                 Fire           9%         3d5       100%        8
 Necromutation            Tmut/Necr      9%         N/A       100%        8

Inventory:

Hand Weapons
 a - the +4 spear "Dragon's Tongue" {elec, rF+ rCorr}
   (You found it on level 7 of the Dungeon)

   rF:        It protects you from fire.
   rCorr:     It protects you from acid and corrosion.
Armour
 o - a +0 helmet (worn)
 q - a +2 robe of willpower
 x - a +2 robe of positive energy
 F - a +2 robe of resistance (worn)
 I - a +0 cloak (worn)
 V - a +1 pair of gloves (worn)
 Y - a +0 pair of boots (worn)
Magical Staves
 b - a staff of air (weapon) {!a!a}
 G - a staff of death {!a!a}
Jewellery
 e - an amulet of magic regeneration (around neck)
 h - an amulet of reflection
 D - a +6 ring of dexterity (right hand)
 L - a ring of flight
 N - a ring of positive energy
 P - a ring of poison resistance
 R - a ring of resist corrosion
 S - a +6 ring of strength
 W - a ring of willpower
 Z - a ring of wizardry (left hand)
Wands
 c - a wand of polymorph (3)
 m - a wand of paralysis (20)
 p - a wand of iceblast (20)
 r - a wand of acid (14)
 E - a wand of flame (43)
 K - a wand of mindburst (36)
 X - a wand of digging (9)
Scrolls
 d - 2 scrolls of fog
 g - 2 scrolls of identify {@r1@r1}
 j - 12 scrolls of teleportation {@r2@r2}
 k - 4 scrolls of enchant armour
 l - a scroll of amnesia
 n - 2 scrolls of fear
 v - a scroll of blinking
 J - 5 scrolls of poison
 O - 2 scrolls of magic mapping
 U - 3 scrolls of immolation
Potions
 f - 8 potions of curing {@q1@q1}
 i - 2 potions of cancellation
 s - 2 potions of magic
 t - a potion of might
 u - 5 potions of heal wounds {@q2@q2}
 w - 2 potions of resistance
 z - 3 potions of haste {@q3@q3}
 M - a potion of brilliance
 Q - 3 potions of ambrosia

Dungeon Overview and Level Annotations

Branches:
Dungeon (13/15)            Temple (1/1) D:5            Lair (5/5) D:11
  Swamp (1/4) Lair:2        Snake (0/4) Lair:2        Slime (0/5) Lair:5
    Orc (2/2) D:12            Elf (0/3) Orc:2       Volcano (visited)
 Vaults: D:13-14

Altars:
Ashenzari
Cheibriados
Dithmenos
Elyvilon
Fedhas
Gozag
Hepliaklqana
Kikubaaqudgha
Makhleb
Nemelex Xobeh
Okawaru
Qazlal
Ru
Sif Muna
Trog
Uskayaw
Vehumet
Wu Jian
Xom
Yredelemnul
Zin
The Shining One

Shops:
D:7 :   D:8 *   D:9 *:   D:10 *   D:12 (

Annotations:
D:2 1 runed translucent door, Crazy Yiuf
D:7 2 transporters, porpoise's ghost, novice GnEn
D:13 2 runed translucent doors, Tollund's ghost, journeyman GrEE
Lair:5 1 runed translucent door

.♣.~♣§..♣..≈.♣♣.♣♣ ≈n
♣~.....~~.≈.♣♣..P♣P ♣.≈
>.~..~♣.♣.≈..♣≈≈.. ♣..
.~.....~~~≈..≈P≈.♣ ♣.♣.≈
~~~.~~~...≈.≈P≈♣♣♣♣♣...≈.
~.~.~~.....≈P≈..♣.♣.♣.≈.~
...♣.~......≈....≈...≈...
..♣♣....~~~..≈≈≈≈†≈≈≈....
.♣♣♣~.†~~§~.....@~♣...~~~
.♣♣♣~~~~~~~~.~..R♣...~...
~~.~~~~§~~~.♣.....~....♣.
~~......~~~§...~.~.~.♣.~.
~~~.~.~♣~~.♣♣...~......~.
~§...♣♣♣~).♣♣♣..~....~§~.
..~♣♣♣ ♣♣♣♣ ♣~...~....~
.~♣♣ ♣♣~..♣.~~. .♣♣


You could see an eleionoma.


Message History

The eleionoma completely misses you. The bog body casts a spell at you.
The bolt of cold hits you! You resist.
You take 17 damage, and have 51/68 hp.
MASSIVE DAMAGE!!
You now have 12/34 mp.
Casting: Airstrike (safe; 1% risk of failure)
Confirm with . or Enter, or press ? or * to list all spells.
Aiming: Airstrike (safe; 1% risk of failure)
Press: ? - help, Dir - move target, f - bog body, p - eleionoma
Aim: a bog body (empty space bonus: 7/8)
You feel a surge of power!
The air twists around and strikes the bog body!!
The bog body is severely damaged.
The eleionoma hurls a spray of splinters at you.
The spray of wooden splinters hits you!!!
Ouch! That really hurt!
* * * LOW HITPOINT WARNING * * *
You take 41 damage, and have 10/68 hp.
MASSIVE DAMAGE!!
You now have 9/34 mp.
Casting: Airstrike (safe; 1% risk of failure)
Confirm with . or Enter, or press ? or * to list all spells.
Aiming: Airstrike (safe; 1% risk of failure)
Press: ? - help, Dir - move target, f/p - bog body
Aim: a bog body (severely damaged, empty space bonus: 6/8)
You feel a surge of power!
The air twists around and strikes the bog body!!
You destroy the bog body!
Sif Muna accepts your kill.
The eleionoma hurls a spray of splinters at you.
The spray of wooden splinters hits you!!!
Ouch! That really hurt!
You die...

Skill      XL: |  1  2  3  4  5  6  7  8  9 10 11 12 13 14 |
---------------+-------------------------------------------+-----
Spellcasting   | 4 5 6 7 8 12 14 | 14.6
Dodging        | 4 5 6 8 9 10 11 12 13 | 13.9
Stealth        | 3 4 5 6 7 8 |  8.3
Conjurations   | 5 6 7 10 11 | 11.4
Hexes          | 1 3 4 5 6 7 8 |  8.0
Earth Magic    | 2 5 6 8 9 |  9.6
Ice Magic      | 1 4 6 |  6.6
Invocations    | 3 6 |  6.3
Air Magic      | 4 8 9 |  9.6

Action                     |  1- 3 |  4- 6 |  7- 9 | 10-12 | 13-15 || total
---------------------------+-------+-------+-------+-------+-------++-------
  Melee: Club              |       |       |     2 |       |       ||     2
         Spear             |       |       |       |     2 |     1 ||     3
   Cast: Magic Dart        |    31 |    77 |   102 |    82 |    27 ||   319
         Searing Ray       |     3 |    29 |    45 |    20 |       ||    97
         Slow              |       |     9 |    84 |   143 |    78 ||   314
         Stone Arrow       |       |       |    41 |    96 |    71 ||   208
         Fulminant Prism   |       |       |     4 |   118 |    28 ||   150
         Hailstorm         |       |       |       |    41 |     2 ||    43
         Airstrike         |       |       |       |     2 |   198 ||   200
         Lee's Rapid Decon |       |       |       |       |   118 ||   118
         Borgnjor's Vile C |       |       |       |       |     3 ||     3
 Invoke: Channel Magic     |       |       |       |       |     8 ||     8
  Evoke: Wand              |       |       |       |     1 |     2 ||     3
    Use: Scroll            |       |       |     4 |    14 |    13 ||    31
         Potion            |       |       |       |     2 |     1 ||     3
 Armour: Robe              |       |     9 |    11 |    30 |    28 ||    78
  Dodge: Dodged            |     4 |    26 |    44 |    67 |   193 ||   334

Levels and vault maps discovered:
D:1:      grunt_arrival_crossed_arrows, layout_rooms
D:2:      layout_basic, basic_altar, serial_park_tiny_pond,
          nicolae_figureground_sparkle, uniq_crazy_yiuf_cottage, uniq_sigmund
D:3:      wad_woods_tower, layout_basic, dilly_ecumenical_altar_fadedgnrine,
          uniq_jessica, uniq_terence, uniq_robin
D:4:      layout_basic, minmay_between, uniq_ijyb
D:5:      cheibrodos_quashed, layout_layer_cave,
          minmay_temple_entry_antechambers
D:6:      layout_cave_pools, nicolae_qazlal_general_emergency,
          hangedman_decor_riveting, uniq_pikel
D:7:      layout_rooms, trog_ov_bears_minmay, gammafunk_ghost_berserking_beasts,
          nicolae_shop_self_help, uniq_menkaure
D:8:      layout_rooms, yredelemnul_altar_generic, overflow_temple_1_default,
          serial_shops, nicolae_shop_advertising_works
          [nicolae_subvault_shop_adworks]
D:9:      layout_irregular_city, mainiacjoe_overflow_boulevard,
          nicolae_ru_great_annihilating_truth, serial_shops,
          nicolae_shop_hallway_stairs, minmay_fountain_box,
          nicolae_shop_sticking_my_neck_out
D:10:     layout_long_grid, mainiacjoe_overflow_alcove_1, kennysheep_mini_moat,
          serial_shops, nicolae_shop_behind_doors, uniq_urug
D:11:     layout_basic, erik_lair_dragon, serial_shops, statue_bzr
D:12:     layout_basic, orc_0_dummy, serial_shops, shop_coins,
          nicolae_elevator_lobby_plus
D:13:     layout_long_grid, muffindrake_ghost_dual_entry
Temple:   nicolae_temple_great_sept
Lair:1:   layout_cave_pods
Lair:2:   wander_river, layout_gridlike, minmay_swamp_entry_wisps,
          minmay_snake_entry_guardpost_medium, evilmike_ambush
          [evilmike_ambush_outer_corners, evilmike_ambush_inner_basic]
Lair:3:   layout_small_grid, special_room [special_room_bee], dpeg_oklob_1,
          infiniplex_staircase_pool
Lair:4:   layout_regular_city, enter_volcano_4, grunt_megastairs_1,
          serial_bayou_shore_b, uniq_nessos
Lair:5:   minmay_lair_end_frog_pond, layout_big_grid, slime_entry_2
Swamp:1:  layout_basic_swamp, wheals_swamp_sinkhole, hangedman_swamp_pad,
          swamp_pool2, nicolae_swamp_bunyip_nook
Orc:1:    layout_caves
Orc:2:    grunt_orc_community_town_hall, layout_caves,
          grunt_orc_community_big_house_2, grunt_orc_community_big_house_1,
          grunt_orc_community_house_1, grunt_orc_community_house_2,
          grunt_orc_community_house_1, grunt_orc_community_house_3,
          grunt_orc_community_house_2, grunt_orc_community_house_3,
          portal_ice_cave_rime, uniq_snorg

Notes
Turn   | Place    | Note
-------+----------+-------------------------------------------
     0 | D:1      | kingofthe the Deep Elf Conjurer began the quest for the
                  | Orb.
     0 | D:1      | Reached XP level 1. HP: 10/10 MP: 6/6
   701 | D:2      | Reached skill level 4 in Spellcasting
   701 | D:2      | Reached XP level 2. HP: 15/15 MP: 7/9
   726 | D:2      | Learned a level 2 spell: Searing Ray
   895 | D:2      | Found a stormy altar of Qazlal.
  1227 | D:2      | Reached XP level 3. HP: 13/19 MP: 4/10
  1277 | D:2      | Noticed Sigmund
  1287 | D:2      | Killed Sigmund
  1288 | D:2      | Reached skill level 4 in Dodging
  1288 | D:2      | Reached skill level 3 in Stealth
  1288 | D:2      | Reached skill level 5 in Conjurations
  1288 | D:2      | Reached XP level 4. HP: 24/24 MP: 1/12
  1288 | D:2      | Reached XP level 5. HP: 28/28 MP: 1/14
  1903 | D:2      | Found a runed translucent door.
  1904 | D:2      | Noticed Crazy Yiuf
  1977 | D:3      | Learned a level 1 spell: Slow
  2104 | D:3      | Noticed Robin
  2114 | D:3      | Killed Robin
  2352 | D:3      | Reached skill level 1 in Hexes
  2396 | D:3      | Noticed Terence
  2403 | D:3      | Killed Terence
  2404 | D:3      | Reached XP level 6. HP: 19/32 MP: 6/15
  2596 | D:3      | Reached skill level 4 in Stealth
  2620 | D:3      | Reached skill level 5 in Spellcasting
  2913 | D:3      | Noticed Jessica
  2924 | D:3      | Killed Jessica
  2925 | D:3      | Reached skill level 2 in Hexes
  3373 | D:3      | Found a faded altar of an unknown god.
  3747 | D:4      | Noticed Ijyb
  3758 | D:4      | Killed Ijyb
  3869 | D:4      | Reached skill level 5 in Dodging
  4229 | D:4      | Reached skill level 3 in Hexes
  4229 | D:4      | Reached XP level 7. HP: 36/36 MP: 7/17
  4578 | D:4      | Reached skill level 6 in Conjurations
  4676 | D:4      | You fall into a shaft and drop 2 floors!
  4682 | D:6      | Learned a level 4 spell: Fulminant Prism
  4769 | D:6      | Reached skill level 4 in Hexes
  4777 | D:6      | Identified a +2 robe of resistance
  4777 | D:6      | Noticed Pikel
  4823 | D:5      | Entered Level 5 of the Dungeon
  5057 | D:5      | Reached skill level 6 in Dodging
  5057 | D:5      | Reached skill level 5 in Stealth
  5314 | D:4      | Reached skill level 6 in Spellcasting
  5422 | D:4      | Reached XP level 8. HP: 41/41 MP: 11/19
  5708 | D:5      | Got the Guidebook on Transmutation
  6211 | D:5      | Found a staircase to the Ecumenical Temple.
  6380 | Temple   | Entered the Ecumenical Temple
  6449 | Temple   | Became a worshipper of Sif Muna the Loreminder
  6902 | D:6      | Reached skill level 7 in Dodging
  7093 | D:6      | Reached skill level 5 in Hexes
  7298 | D:6      | Reached skill level 6 in Stealth
  7391 | D:6      | Learned a level 3 spell: Stone Arrow
  7457 | D:6      | Killed Pikel
  7458 | D:6      | Reached skill level 8 in Dodging
  7458 | D:6      | Reached skill level 7 in Spellcasting
  7458 | D:6      | Reached skill level 7 in Conjurations
  7458 | D:6      | Reached skill level 2 in Earth Magic
  7660 | D:6      | Reached XP level 9. HP: 44/45 MP: 13/21
  7756 | D:6      | Found a stormy altar of Qazlal.
  7884 | D:7      | Noticed Menkaure
  7971 | D:7      | Noticed a troll
  7972 | D:7      | Found Jeess's Self-Improvement Boutique.
  8172 | D:7      | Reached * piety under Sif Muna
  8314 | D:7      | Found a transporter.
  8350 | D:7      | Noticed porpoise's ghost (novice GnEn)
  8351 | D:7      | Noticed a five-headed hydra
  8355 | D:7      | Noticed a moth of wrath
  8359 | D:7      | Reached skill level 6 in Hexes
  8359 | D:7      | Reached skill level 3 in Earth Magic
  8377 | D:7      | Killed a troll
  8503 | D:7      | Killed Menkaure
  8602 | D:7      | Found a bloodstained altar of Trog.
  8608 | D:7      | Reached skill level 7 in Stealth
  8717 | D:7      | Reached skill level 9 in Dodging
  8717 | D:7      | Reached skill level 4 in Earth Magic
  8764 | D:7      | Found a transporter.
  8792 | D:7      | Identified the +4 spear "Dragon's Tongue" {elec, rF+ rCorr}
  9553 | D:8      | Reached skill level 8 in Spellcasting
  9714 | D:8      | Reached ** piety under Sif Muna
  9922 | D:8      | Found a basalt altar of Yredelemnul.
  9947 | D:8      | Reached skill level 5 in Earth Magic
 10130 | D:8      | Reached XP level 10. HP: 50/50 MP: 16/24
 10204 | D:8      | Found Megocs's General Store.
 10212 | D:8      | Bought a scroll of identify for 24 gold pieces
 10232 | D:8      | Found an opulent altar of Gozag.
 10264 | D:8      | Reached skill level 7 in Hexes
 10726 | D:8      | Found Megocs's General Store.
 10732 | D:8      | Found a basalt altar of Yredelemnul.
 10747 | D:8      | Found an opulent altar of Gozag.
 11015 | D:9      | Found Loscha's Book Shoppe.
 11259 | D:9      | Found a sacrificial altar of Ru.
 11452 | D:9      | Found a shadowy altar of Dithmenos.
 11502 | D:9      | Reached skill level 10 in Dodging
 11728 | D:9      | Found Guynn's Neck Hole.
 11771 | D:9      | Reached skill level 8 in Conjurations
 11907 | D:9      | Reached skill level 6 in Earth Magic
 12149 | D:9      | Reached skill level 8 in Stealth
 12212 | D:9      | Learned a level 3 spell: Hailstorm
 12477 | D:10     | Entered Level 10 of the Dungeon
 12779 | D:10     | Reached *** piety under Sif Muna
 12798 | D:10     | Reached skill level 1 in Ice Magic
 12931 | D:10     | Found a glowing silver altar of Zin.
 13141 | D:10     | Found Beikho's Assorted Antiques.
 13476 | D:10     | Found a burning altar of Makhleb.
 13479 | D:10     | Noticed Urug
 13594 | D:9      | Identified a potion of experience
 13595 | D:9      | Identified a potion of resistance
 13596 | D:9      | Reached skill level 12 in Spellcasting
 13596 | D:9      | Reached skill level 10 in Conjurations
 13596 | D:9      | Reached XP level 11. HP: 54/54 MP: 24/29
 13610 | D:9      | Bought an amulet of magic regeneration for 390 gold pieces
 13672 | D:10     | Killed Urug
 13673 | D:10     | Reached skill level 2 in Ice Magic
 13673 | D:10     | Reached skill level 1 in Invocations
 13757 | D:10     | Reached skill level 2 in Invocations
 13998 | D:10     | Reached skill level 3 in Ice Magic
 14185 | D:10     | Found a burning altar of Makhleb.
 14246 | D:10     | Found Beikho's Assorted Antiques.
 14380 | D:10     | Found a glowing silver altar of Zin.
 15106 | D:11     | Reached skill level 3 in Invocations
 15760 | D:11     | Reached skill level 4 in Ice Magic
 15903 | D:11     | Reached skill level 11 in Dodging
 15903 | D:11     | Reached XP level 12. HP: 59/59 MP: 23/30
 15921 | D:11     | Found a staircase to the Lair.
 15936 | D:11     | Reached skill level 4 in Invocations
 16238 | D:11     | Reached skill level 5 in Ice Magic
 16308 | D:11     | Found a gateway to a bazaar.
 16435 | D:12     | Noticed a two-headed ogre
 16692 | D:12     | Reached **** piety under Sif Muna
 16693 | D:12     | Reached skill level 5 in Invocations
 16817 | D:12     | Killed a two-headed ogre
 16910 | D:12     | Reached skill level 6 in Ice Magic
 17040 | D:12     | Found a staircase to the Orcish Mines.
 17114 | D:12     | Found Juopsopu's Weapon Boutique.
 17237 | D:12     | Reached skill level 6 in Invocations
 17269 | D:12     | Noticed a two-headed ogre
 17273 | D:12     | Killed a two-headed ogre
 17283 | D:12     | Learned a level 4 spell: Airstrike
 17623 | D:13     | Found a runed translucent door.
 17623 | D:13     | Found a runed translucent door.
 17716 | D:13     | Reached skill level 1 in Air Magic
 17887 | D:13     | Reached skill level 2 in Air Magic
 17994 | D:13     | Noticed Tollund's ghost (journeyman GrEE)
 17994 | D:13     | Noticed a lich
 17995 | D:13     | Noticed a five-headed hydra
 17996 | D:13     | Noticed a fire giant
 18189 | D:13     | Reached skill level 11 in Conjurations
 18284 | D:13     | Noticed a centaur warrior
 18295 | D:13     | Killed a centaur warrior
 18296 | D:13     | Reached skill level 3 in Air Magic
 18387 | D:13     | Noticed a boulder beetle
 18475 | D:13     | Noticed an orc warlord
 18857 | Lair:1   | Entered Level 1 of the Lair of Beasts
 18907 | Lair:1   | Reached skill level 12 in Dodging
 19143 | Lair:1   | Reached skill level 4 in Air Magic
 19547 | Lair:1   | Reached XP level 13. HP: 63/63 MP: 21/31
 19579 | Lair:1   | Reached skill level 5 in Air Magic
 20018 | Lair:1   | Learned a level 5 spell: Lee's Rapid Deconstruction
 20498 | Lair:1   | Reached skill level 13 in Spellcasting
 20930 | Orc:1    | Entered Level 1 of the Orcish Mines
 20958 | Orc:1    | Paralysed by an orc sorcerer for 2 turns
 20962 | Orc:1    | Reached skill level 8 in Hexes
 21407 | Orc:1    | Noticed an orc warlord
 21577 | Orc:1    | Killed an orc warlord
 21578 | Orc:1    | Reached skill level 6 in Air Magic
 21754 | Orc:2    | Entered Level 2 of the Orcish Mines
 21795 | Orc:2    | Found a staircase to the Elven Halls.
 22131 | Orc:2    | Noticed an orc warlord
 22165 | Orc:1    | Killed an orc warlord
 22166 | Orc:1    | Reached skill level 7 in Earth Magic
 22444 | Bazaar   | Entered a bazaar
 22444 | Bazaar   | Found Yvvupaag's Magic Scroll Boutique.
 22444 | Bazaar   | Found Daed's Antique Weapon Boutique.
 22444 | Bazaar   | Found Ficod's Armour Shop.
 22444 | Bazaar   | Found Deittipn's Weapon Shop.
 22444 | Bazaar   | Found Latishaps's Antique Armour Boutique.
 22444 | Bazaar   | Found Gekhash's Assorted Antiques.
 22485 | Bazaar   | Bought a scroll of identify for 18 gold pieces
 22495 | Bazaar   | Bought a scroll of magic mapping for 67 gold pieces
 22495 | Bazaar   | Bought a scroll of fear for 36 gold pieces
 22495 | Bazaar   | Bought a scroll of enchant armour for 67 gold pieces
 22533 | Bazaar   | Bought a scroll of poison for 36 gold pieces
 22533 | Bazaar   | Bought a scroll of magic mapping for 67 gold pieces
 22533 | Bazaar   | Bought a scroll of teleportation for 27 gold pieces
 22537 | Bazaar   | Bought a potion of curing for 72 gold pieces
 23181 | Lair:2   | Reached skill level 7 in Air Magic
 23490 | Lair:2   | Reached skill level 13 in Dodging
 23614 | Lair:2   | Found a staircase to the Snake Pit.
 23851 | Lair:2   | Found a staircase to the Swamp.
 24166 | Lair:3   | Reached ***** piety under Sif Muna
 24449 | Lair:3   | Received a gift from Sif Muna
 24450 | Lair:3   | Got Sif Muna's Directory of Cloudy Impulse {god gift}
 24500 | Lair:3   | Learned a level 6 spell: Iron Shot
 24610 | Lair:3   | Reached skill level 8 in Air Magic
 24904 | Lair:3   | Reached skill level 14 in Spellcasting
 24972 | Lair:3   | Reached skill level 8 in Earth Magic
 25609 | Lair:3   | You fall into a shaft and drop 1 floor!
 25634 | Lair:4   | Noticed Nessos
 25641 | Lair:4   | Killed Nessos
 25802 | Lair:4   | Reached XP level 14. HP: 68/68 MP: 15/34
 25841 | Lair:4   | Found a dark tunnel.
 25853 | Volcano  | Entered a volcano
 25885 | Volcano  | Noticed a stone giant
 26822 | Lair:4   | Reached skill level 9 in Air Magic
 27090 | Lair:4   | Reached skill level 9 in Earth Magic
 27306 | Lair:5   | Entered Level 5 of the Lair of Beasts
 27314 | Lair:5   | Found a runed translucent door.
 27314 | Lair:5   | Found a staircase to the Slime Pits.
 27556 | Swamp:1  | Entered Level 1 of the Swamp
 27949 | D:9      | Bought Great Wizards, Vol. II for 532 gold pieces
 27955 | D:9      | Learned a level 5 spell: Borgnjor's Vile Clutch
 28511 | Swamp:1  | Killed from afar by an eleionoma

Vanquished Creatures
  2 orc warlords (Orc:1)
  Nessos (Lair:4)
  A bunyip (Swamp:1)
  2 hydras (Lair:4)
  A centaur warrior (D:13)
  2 two-headed ogres (D:12)
  A death yak (Lair:1)
  Urug (D:10)
  An orc high priest (Orc:2)
  A spriggan (Swamp:1)
  3 goliath frogs (Swamp:1)
  2 bog bodies (Swamp:1)
  Pikel (D:6)
  An orc sorcerer (Orc:1)
  An ugly thing (D:13)
  2 manticores (D:13)
  4 oklob plants (Lair:3)
  3 will-o-the-wisps
  A cyclops (D:13)
  An elephant (Lair:2)
  2 black mambas
  An ice statue (D:11)
  12 cane toads
  A kobold demonologist (D:13)
  3 unseen horrors
  A rime drake (Lair:3)
  An efreet (Volcano)
  5 komodo dragons
  A burning bush (Lair:2)
  A queen bee (Lair:3)
  2 tyrant leeches (Swamp:1)
  A polar bear (Lair:4)
  4 trolls
  2 hornets
  18 blink frogs
  8 slime creatures
  Sigmund (D:2)
  2 wraiths (D:12)
  5 basilisks
  40 yaks
  3 wyverns
  A fire elemental (Volcano)
  3 steam dragons
  Menkaure (D:7)
  2 wargs
  7 water moccasins
  6 nagas (Lair:2)
  3 swamp worms (Swamp:1)
  20 orc warriors
  4 acid dragons
  An ice beast (D:8)
  A sky beast (D:7)
  6 black bears
  8 wolves
  3 centaurs
  4 ogres
  3 phantoms
  3 kobold brigands
  2 earth elementals (Volcano)
  A necrophage (D:7)
  9 bullfrogs
  2 scorpions
  5 jellies
  25 killer bees
  4 electric eels
  5 howler monkeys
  2 gnoll boudas
  9 orc priests
  5 hounds
  Ijyb (D:4)
  4 iguanas
  Terence (D:3)
  Jessica (D:3)
  24 orc wizards
  6 hell rats (Lair:2)
  Robin (D:3)
  12 gnolls
  7 adders
  2 white imps (D:7)
  3 ufetubi
  A worm (D:2)
  2 dart slugs (D:2)
  72 orcs
  6 bats
  2 endoplasms
  3 giant cockroaches
  12 goblins
  10 hobgoblins
  4 jackals
  8 quokkas
  8 ball pythons
  A frilled lizard (D:2)
  15 kobolds
  5 rats
502 creatures vanquished.

Vanquished Creatures (others)
  2 foxfires (Lair:2)
  148 fulminant prisms
  19 fungi
  43 plants
  4 withered plants (D:8)
216 creatures vanquished.

Grand Total: 718 creatures vanquished

Table legend: (Time is in decaauts)
 A = Elapsed time spent in this place.
 B = Non-inter-level travel time spent in this place.
 C = Inter-level travel time spent in this place.
 D = Time resting spent in this place.
 E = Time spent auto-exploring this place.
 F = Levels seen in this place.
 G = Mean time per level.
                   A        B        C        D        E       F      G
               +--------+--------+--------+--------+--------+-----+--------+
         Total |  28602 |  25970 |   2632 |   6490 |  13669 |  24 | 1191.8 |
       Dungeon |  19496 |  17714 |   1782 |   4107 |  10323 |  13 | 1499.7 |
        Temple |     79 |     70 |      9 |      0 |     50 |   1 |   79.0 |
          Lair |   6886 |   6133 |    753 |   1696 |   2742 |   5 | 1377.2 |
         Swamp |    608 |    587 |     21 |    131 |    256 |   1 |  608.0 |
  Orcish Mines |   1369 |   1303 |     66 |    517 |    284 |   2 |  684.5 |
        Bazaar |     97 |     97 |      0 |     32 |     14 |   1 |   97.0 |
       Volcano |     64 |     64 |      0 |      7 |      0 |   1 |   64.0 |
               +--------+--------+--------+--------+--------+-----+--------+

Top non-repeatable levels by time:
    D:11: 2545 daAuts
    D:10: 2209 daAuts
  Lair:1: 1956 daAuts
     D:9: 1752 daAuts
     D:4: 1739 daAuts
  Lair:3: 1704 daAuts
  Lair:2: 1678 daAuts
     D:3: 1585 daAuts
  Lair:4: 1541 daAuts
     D:8: 1507 daAuts
     D:7: 1504 daAuts
     D:5: 1369 daAuts
     D:2: 1320 daAuts
     D:6: 1282 daAuts
   Orc:1: 1071 daAuts

Table legend:
 A = Non-vault XP
 B = Vault XP
 C = Vault XP percentage of total XP
 D = Non-vault monster count
 E = Vault monster count
 F = Vault count percentage of total count
                 A         B        C        D         E       F
            +---------+---------+-------+---------+---------+-------
      Total |   56081 |   14284 |  20.3 |     409 |      93 |  18.5
            +---------+---------+-------+---------+---------+-------
        D:1 |      11 |       0 |   0.0 |       7 |       0 |   0.0
        D:2 |      59 |     226 |  79.3 |      19 |       1 |   5.0
        D:3 |      58 |     145 |  71.4 |      20 |      19 |  48.7
        D:4 |     726 |      45 |   5.8 |      19 |       4 |  17.4
        D:5 |     232 |       0 |   0.0 |      11 |       0 |   0.0
        D:6 |     775 |     607 |  43.9 |      17 |       1 |   5.6
        D:7 |    1160 |     429 |  27.0 |      22 |       3 |  12.0
        D:8 |    1463 |       0 |   0.0 |      28 |       0 |   0.0
        D:9 |    2064 |      39 |   1.9 |      26 |       4 |  13.3
       D:10 |    2211 |     800 |  26.6 |      29 |       1 |   3.3
       D:11 |    2972 |    1922 |  39.3 |      23 |       8 |  25.8
       D:12 |    3983 |       0 |   0.0 |      12 |       0 |   0.0
       D:13 |    3409 |       0 |   0.0 |       6 |       0 |   0.0
     Lair:1 |    8648 |       0 |   0.0 |      35 |       0 |   0.0
     Lair:2 |    2967 |    2759 |  48.2 |      17 |      14 |  45.2
     Lair:3 |    5100 |    3695 |  42.0 |      23 |      24 |  51.1
     Lair:4 |    7234 |    1249 |  14.7 |      22 |       2 |   8.3
    Swamp:1 |    7764 |       0 |   0.0 |      15 |       0 |   0.0
      Orc:1 |    3639 |    1184 |  24.5 |      42 |       1 |   2.3
      Orc:2 |    1606 |     444 |  21.7 |      16 |       7 |  30.4
    Volcano |       0 |     740 | 100.0 |       0 |       4 | 100.0
            +---------+---------+-------+---------+---------+-------
